 Dungeon Crawl Stone Soup version 0.22.0-5-gf09313c8f9 (webtiles) character file.

32 Htamos the Magician (level 3, -7/20 HPs)
             Began as a Deep Elf Wizard on Aug 13, 2018.
             Killed from afar by an orc wizard (8 damage)
             ... with a magic dart
             ... on level 2 of the Dungeon.
             The game lasted 00:01:23 (1492 turns).

Htamos the Magician (Deep Elf Wizard)               Turns: 1492, Time: 00:01:24

Health: -7/20      AC:  2    Str:  4    XL:     3   Next: 8%
Magic:  11/11      EV: 13    Int: 23    God:
Gold:   48         SH:  0    Dex: 13    Spells: 10/11 levels left

rFire    . . .     SeeInvis .   c - +0 short sword
rCold    . . .     Gourm    .   (no shield)
rNeg     . . .     Faith    .   a - +0 robe
rPois    .         Spirit   .   b - +0 hat
rElec    .         Reflect  .   (no cloak)
rCorr    .         Harm     .   (no gloves)
MR       .....                  (no boots)
Stlth    ++........             (no amulet)
HPRegen  0.06/turn              (no ring)
MPRegen  0.12/turn              (no ring)

@: no status effects
A: no striking features
a: no special abilities


You were on level 2 of the Dungeon.
You were hungry.

You visited 1 branch of the dungeon, and saw 2 of its levels.

You collected 48 gold pieces.

Inventory:

Hand Weapons
 c - a +0 short sword (weapon)
Armour
 a - a +0 robe (worn)
 b - a +0 hat (worn)
Scrolls
 e - a scroll of remove curse {unknown}
 f - a scroll of magic mapping {unknown}
 k - a scroll of blinking {unknown}
 l - a scroll of enchant weapon {unknown}
Potions
 g - a potion of mutation {unknown}
 i - a potion of magic {unknown}
 j - a potion of resistance {unknown}
Comestibles
 d - 4 rations


   Skills:
 + Level 0.4 Fighting
 + Level 0.4 Short Blades
 + Level 2.9 Dodging
 + Level 3.0 Stealth
 + Level 4.7 Spellcasting
 + Level 1.7 Conjurations
   Level 1.1 Summonings
   Level 1.1 Translocations


You had 10 spell levels left.
You knew the following spells:

 Your Spells              Type           Power        Failure   Level  Hunger
a - Magic Dart            Conj           ##..         4%          1    None

Your spell library contained the following spells:

 Spells                   Type           Power        Failure   Level  Hunger
 Conjure Flame            Conj/Fire      #.......     21%         3    ##.....
 Slow                     Hex            #.......     14%         2    None
 Mephitic Cloud           Conj/Pois/Air  #.......     22%         3    ##.....
 Blink                    Tloc           N/A          10%         2    None
 Call Imp                 Summ           ##......     10%         2    None


Dungeon Overview and Level Annotations

Branches:
Dungeon (2/15)

Altars:


Message History

The orc wizard gestures wildly while chanting.
The orc wizard seems to speed up.
The orc priest mumbles some strange prayers to Beogh against you.
Beogh smites you! The orc priest closely misses you.
The orc wizard gestures at you while chanting.
You resist with some effort. The orc wizard closely misses you.
The orc priest begins to cast a cantrip, but forgets the words!
The orc wizard gestures at you while chanting.
You resist with some effort.
The orc wizard gestures at you while chanting.
The magic dart hits you!
* * * LOW HITPOINT WARNING * * *
The orc wizard casts a spell at you. The magic dart hits you!
* * * LOW HITPOINT WARNING * * *
The orc wizard casts a spell at you. The magic dart hits you!
You die...

#.#.# #.##.#.# #.#.#
#<##.#.# #.#.######.#.#
#.#......#.#.#
#####.######.#.#.#
#.......# #...#.#
#.#####)# #####.# #.#
#.########.#
#####@#####..........#
##.o.......#.(#########
#..#######....# #.##
o⌠$###...# #.#
....##...#
#.#.......#...#
#o#o#...#.#..[#
#.#.......#....
#.#.......#....


You could see an orc wizard and an orc.

Vanquished Creatures
  3 dart slugs (D:1)
  4 giant cockroaches (D:1)
  3 goblins
  2 jackals (D:1)
  5 kobolds (D:1)
  4 bats (D:1)
  2 frilled lizards (D:1)
  A rat (D:1)
24 creatures vanquished.

Notes
Turn   | Place    | Note
-------+----------+-------------------------------------------
     0 | D:1      | Htamos the Deep Elf Wizard began the quest for the Orb.
     0 | D:1      | Reached XP level 1. HP: 10/10 MP: 7/7
   232 | D:1      | Reached XP level 2. HP: 15/15 MP: 3/9
  1066 | D:1      | Reached XP level 3. HP: 20/20 MP: 4/11
  1490 | D:2      | HP: 1/20 [orc wizard/magic dart (3)]
  1492 | D:2      | Killed from afar by an orc wizard

Skill      XL: |  1  2 |
---------------+-------+-----
Stealth        | 3 |  3.0
Fighting       | |  0.4
Short Blades   | |  0.4
Dodging        | |  2.9
Spellcasting   | |  4.7
Conjurations   | |  1.7
Summonings     | |  1.1
Translocations | |  1.1

Action                   || total
-------------------------++-------
 Cast: Magic Dart        ||    62
  Eat: Chunk             ||     1
Armor: Robe              ||     3
Dodge: Dodged            ||    11
